 Dungeon Crawl Stone Soup version 0.28.0-53-g5a82cb258f (webtiles) character file.

Game seed: 6241758592421573509

19032 Peloso the Protected (level 12, -3/108 HPs)
             Began as a Minotaur Fighter on May 29, 2022.
             Was a High Priest of Okawaru.
             Slain by an Executioner (12 damage)
             ... on level 1 of the Abyss.
             The game lasted 00:28:19 (10606 turns).

Peloso the Protected (Minotaur Fighter)            Turns: 10606, Time: 00:28:19

Health: -3/108     AC: 17    Str: 26    XL:     12   Next: 32%
Magic:  11/11      EV: 10    Int:  5    God:    Okawaru [*****.]
Gold:   814        SH:  6    Dex: 12    Spells: 11/11 levels left

rFire   . . .      SeeInvis .   b - +9 spear "Plog" {flame, rCorr Str+2 Stlth+}
rCold   . . .      Faith    .   c - +0 buckler
rNeg    . . .      Spirit   .   f - +0 chain mail
rPois   .          Reflect  .   (helmet restricted)
rElec   .          Harm     .   r - scarf {repulsion}
rCorr   +          Rampage  .   E - +0 pair of gloves
Will    .....                   e - +1 pair of boots {Stlth+}
Stlth   +.........              m - amulet of regeneration
HPRegen 1.08/turn               (no ring)
MPRegen 0.12/turn               (no ring)

@: repel missiles
A: horns 2, retaliatory headbutt
a: Renounce Religion, Heroism, Finesse, Duel


You were on level 1 of the Abyss.
You worshipped Okawaru.
Okawaru was extremely pleased with you.
You visited 2 branches of the dungeon, and saw 12 of its levels.
You visited the Abyss 1 time.

You collected 814 gold pieces.

Inventory:

Hand Weapons
 a - a +0 long sword
 b - the +9 spear "Plog" (weapon) {flame, rCorr Str+2 Stlth+}
   (You found it on level 3 of the Dungeon)

   It burns those it strikes, dealing additional fire damage.
   Str:       It affects your strength (+2).
   rCorr:     It protects you from acid and corrosion.
   Stlth:     It makes you more stealthy.
Armour
 c - a +0 buckler (worn)
 e - a +1 pair of boots of stealth (worn)
 f - a +0 chain mail (worn)
 i - a +0 cloak
 r - a scarf of repulsion (worn)
 E - a +0 pair of gloves (worn)
Jewellery
 m - an amulet of regeneration (around neck)
 u - a ring of resist corrosion
Wands
 A - a wand of iceblast (14)
 B - a wand of flame (35)
Scrolls
 g - 4 scrolls of teleportation
 h - 5 scrolls of immolation
 j - 3 scrolls of fear
 k - a scroll of amnesia
 n - a scroll of identify
 q - a scroll of vulnerability {unknown}
 x - a scroll of acquirement
 y - 4 scrolls of magic mapping {unknown}
 D - 3 scrolls of blinking {unknown}
 I - a scroll of fog {unknown}
Potions
 d - 2 potions of might
 l - 6 potions of curing
 s - 2 potions of heal wounds
 z - 2 potions of cancellation {unknown}
 C - a potion of haste {unknown}
 G - a potion of flight
 H - 2 potions of degeneration {unknown}


   Skills:
 + Level 10.7 Fighting
 + Level 5.4 Long Blades
 + Level 13.6 Polearms
 + Level 14.2 Armour
 + Level 5.3 Dodging
 + Level 1.5 Stealth
 + Level 8.2 Shields
 + Level 0.8 Invocations


You had 11 spell levels left.
You didn't know any spells.
Your spell library contained the following spells:

 Spells                   Type           Power      Damage    Failure   Level
 Apportation              Tloc           0%         N/A       95%         1
 Slow                     Hex            0%         N/A       95%         1
 Ensorcelled Hibernation  Hex/Ice        0%         N/A       98%         2
 Passwall                 Tmut/Erth      0%         N/A       98%         2
 Confusing Touch          Hex            0%         N/A       100%        3
 Swiftness                Air            0%         N/A       100%        3
 Vampiric Draining        Necr           0%         2d6       100%        3
 Passage of Golubria      Tloc           0%         N/A       100%        4
 Silence                  Hex/Air        0%         N/A       100%        5
 Lehudib's Crystal Spear  Conj/Erth      0%         10d2      100%        8
 Animate Skeleton         Necr           Unusable   N/A       N/A         1
 Summon Small Mammal      Summ           Unusable   N/A       N/A         1

Dungeon Overview and Level Annotations

Branches:
Dungeon (10/15)            Temple (0/1) D:5            Lair (2/6) D:8
  Swamp (0/4) Lair:2       Spider (0/4) Lair:2          Orc (0/2) D:10

Altars:
Ashenzari
Cheibriados
Dithmenos
Gozag
Okawaru
Ru
Vehumet
Yredelemnul
Zin

Shops:
D:1 (   D:4 (   D:10 *

Annotations:
Lair:2 Sonja


Innate Abilities, Weirdness & Mutations

You have a pair of horns on your head.
You reflexively headbutt those who attack you in melee.


Message History

The Executioner is heavily wounded.
The Executioner hits you but does no damage. x2
The Executioner hits you.
You puncture the Executioner!
The Executioner is severely wounded.
You block the Executioner's attack. The Executioner hits you. x2
The Executioner hits you! The Executioner misses you.
The Executioner hits you but does no damage.
Unknown command.
Unknown command.
You hit the Executioner but do no damage.
The Executioner is severely wounded.
The Executioner hits you but does no damage.
The Executioner hits you. x2; The Executioner hits you!
* * * LOW HITPOINT WARNING * * *
The Executioner hits you but does no damage.
The Executioner completely misses you.
You closely miss the Executioner.
You headbutt the Executioner, but do no damage.
The Executioner is severely wounded.
The Executioner closely misses you.
The Executioner hits you but does no damage.
The Executioner closely misses you.
Unknown command.
You closely miss the Executioner. You headbutt the Executioner.
The Executioner is severely wounded.
The Executioner hits you but does no damage.
The Executioner closely misses you. The Executioner hits you.
* * * LOW HITPOINT WARNING * * *
The Executioner closely misses you. You furiously retaliate!
You headbutt the Executioner.
The Executioner hits you but does no damage. x2
The raiju bursts into living lightning!
The living lightning hits you!
* * * LOW HITPOINT WARNING * * *
The raiju blinks!
You miss the Executioner.
The Executioner is almost dead.
The Executioner hits you!
You die...

...#.#. ...
.....# ..# #....#
...# .####....#
... .........##..
. ........#.#. .
.........1z#....
...h....@.ยง.....
....###......##.
.............##
......#.........
###..........###
.............+ .
..............#
#. ............#
#..... . ....#


You could see a revenant, an Executioner (fast) and a raiju.

Vanquished Creatures
  A tentacled starspawn (Abyss:1)
  2 hydras (Lair:2)
  A boulder beetle (Lair:2)
  A two-headed ogre (D:9)
  An ugly thing (D:10)
  4 elephants (Lair:2)
  Maurice (D:8)
  A smoke demon (Abyss:1)
  3 cane toads
  A rime drake (Lair:1)
  4 komodo dragons
  A troll (D:10)
  2 tyrant leeches (Lair:2)
  Grinder (D:3)
  3 slime creatures (D:7)
  5 blink frogs (Lair:2)
  2 vampires
  A shadow (D:9)
  A wyvern (D:9)
  28 yaks
  3 golden eyes (Abyss:1)
  Grum (D:8)
  2 redbacks (Lair:2)
  A steam dragon (D:6)
  A swamp worm (Lair:2)
  4 water moccasins
  A hell hound (Abyss:1)
  An ice beast (D:8)
  2 black bears (D:8)
  3 necrophages
  7 wolves
  An ogre (D:6)
  5 centaurs
  6 kobold brigands
  4 bullfrogs
  A scorpion (D:8)
  10 killer bees
  A small abomination (Abyss:1)
  13 wights
  An electric eel (D:9)
  A bullfrog zombie (D:7)
  5 centaur zombies
  4 jellies (D:7)
  A hound (D:6)
  A centaur skeleton (D:7)
  An orc priest (D:6)
  A bullfrog skeleton (D:6)
  5 iguanas
  Natasha (D:4)
  7 orc wizards
  2 killer bee zombies
  2 hound skeletons
  A mummy (D:7)
  A howler monkey zombie (D:8)
  Robin (D:3)
  A howler monkey skeleton (D:7)
  7 adders
  A shadow imp (D:5)
  2 white imps
  3 ufetubi
  3 worms
  2 dart slugs
  8 orcs
  10 endoplasms
  4 giant cockroaches
  13 goblins
  5 hobgoblins
  4 jackals (D:1)
  5 quokkas
  3 ball pythons
  2 bats (D:1)
  10 frilled lizards
  14 kobolds
  6 rats
  2 starspawn tentacles (Abyss:1)
271 creatures vanquished.

Vanquished Creatures (others)
  3 bushes (D:8)
  54 fungi
  69 plants
  A starspawn tentacle (Abyss:1)
  13 toadstools
140 creatures vanquished.

Grand Total: 411 creatures vanquished

Notes
Turn   | Place    | Note
-------+----------+-------------------------------------------
     0 | D:1      | Peloso the Minotaur Fighter began the quest for the Orb.
     0 | D:1      | Reached XP level 1. HP: 19/19 MP: 0/0
    62 | D:1      | Found a faded altar of an unknown god.
    82 | D:1      | Found Feileok's Weapon Boutique.
   108 | D:1      | Reached XP level 2. HP: 20/27 MP: 1/1
   267 | D:1      | Reached skill level 4 in Armour
  1212 | D:2      | Reached XP level 3. HP: 34/34 MP: 2/2
  1921 | D:3      | Reached XP level 4. HP: 41/41 MP: 3/3
  2212 | D:3      | Noticed Robin
  2221 | D:3      | Killed Robin
  2764 | D:3      | Noticed Grinder
  2768 | D:3      | Identified the +9 spear "Plog" {flame, rCorr Str+2 Stlth+}
  2779 | D:3      | Paralysed by Grinder for 2 turns
  2783 | D:3      | Killed Grinder
  2784 | D:3      | Reached skill level 5 in Armour
  2784 | D:3      | Reached skill level 1 in Dodging
  2784 | D:3      | Reached XP level 5. HP: 41/47 MP: 4/4
  2784 | D:3      | Reached XP level 6. HP: 48/55 MP: 5/5
  2877 | D:4      | Reached skill level 5 in Fighting
  2879 | D:4      | Reached skill level 5 in Long Blades
  2905 | D:4      | Noticed Natasha
  2909 | D:4      | Killed Natasha
  2910 | D:4      | Reached skill level 1 in Polearms
  3160 | D:4      | Found a shadowy altar of Dithmenos.
  3161 | D:4      | Found an iron altar of Okawaru.
  3165 | D:4      | Became a worshipper of Warmaster Okawaru
  3175 | D:4      | Reached skill level 6 in Armour
  3240 | D:4      | Found a sacrificial altar of Ru.
  3528 | D:4      | Found Watiaczo's Weapon Shop.
  3613 | D:5      | Entered Level 5 of the Dungeon
  3846 | D:5      | Found a glowing silver altar of Zin.
  3864 | D:5      | Reached XP level 7. HP: 61/61 MP: 6/6
  4012 | D:5      | Found a staircase to the Ecumenical Temple.
  4340 | D:6      | Noticed a steam dragon
  4350 | D:6      | Killed a steam dragon
  4350 | D:6      | Reached * piety under Okawaru
  4363 | D:6      | Reached skill level 7 in Armour
  4570 | D:6      | Reached XP level 8. HP: 33/69 MP: 7/7
  5067 | D:6      | Found an opulent altar of Gozag.
  5378 | D:7      | Reached skill level 5 in Polearms
  5422 | D:7      | Reached skill level 5 in Shields
  5446 | D:7      | Reached skill level 8 in Armour
  5447 | D:7      | Reached ** piety under Okawaru
  5837 | D:7      | Found a snail-covered altar of Cheibriados.
  5954 | D:7      | Reached XP level 9. HP: 67/78 MP: 8/8
  6008 | D:7      | Reached *** piety under Okawaru
  6009 | D:7      | Reached skill level 9 in Armour
  6146 | D:7      | Found a basalt altar of Yredelemnul.
  6267 | D:8      | Found a staircase to the Lair.
  6267 | D:8      | Noticed Maurice
  6268 | D:8      | Noticed a komodo dragon
  6290 | D:8      | Killed a komodo dragon
  6290 | D:8      | Reached **** piety under Okawaru
  6290 | D:8      | Received a gift from Okawaru
  6311 | D:8      | Killed Maurice
  6312 | D:8      | Reached XP level 10. HP: 63/88 MP: 5/9
  6378 | D:8      | Reached skill level 10 in Polearms
  6450 | D:8      | Received a gift from Okawaru
  6464 | D:8      | Reached skill level 10 in Armour
  6464 | D:8      | Found a radiant altar of Vehumet.
  6586 | D:8      | Noticed Grum
  6620 | D:8      | Killed Grum
  6626 | D:8      | Reached ***** piety under Okawaru
  6788 | D:8      | You fall into a shaft and drop 1 floor!
  6823 | D:9      | Noticed a two-headed ogre
  6833 | D:9      | Killed a two-headed ogre
  6833 | D:9      | Received a gift from Okawaru
  6864 | D:9      | Reached XP level 11. HP: 97/97 MP: 10/10
  6999 | D:9      | Reached skill level 11 in Armour
  7485 | D:10     | Entered Level 10 of the Dungeon
  7873 | D:10     | Found a broken altar of Ashenzari.
  7885 | D:10     | Found Wulah's Fire Supplies.
  7901 | D:10     | Found a staircase to the Orcish Mines.
  8284 | D:10     | Reached skill level 1 in Stealth
  8506 | D:10     | Noticed a green ugly thing
  8513 | D:10     | Killed a green ugly thing
  8513 | D:10     | Received a gift from Okawaru
  8514 | D:10     | Reached skill level 12 in Armour
  8765 | Lair:1   | Entered Level 1 of the Lair of Beasts
  9451 | Lair:1   | Identified a scroll of acquirement
  9650 | Lair:2   | Reached skill level 13 in Armour
  9674 | Lair:2   | Noticed a five-headed hydra
  9684 | Lair:2   | Killed a five-headed hydra
  9685 | Lair:2   | Reached skill level 10 in Fighting
  9693 | Lair:2   | Noticed a six-headed hydra
  9702 | Lair:2   | HP: 4/99 [six-headed hydra (10)]
  9702 | Lair:2   | HP: 1/99 [six-headed hydra (3)]
  9706 | Lair:2   | Killed a six-headed hydra
  9715 | Lair:2   | Reached skill level 5 in Dodging
  9772 | Lair:2   | Found a staircase to the Swamp.
  9778 | Lair:2   | Identified the +1 scale mail of Qowk {Contam +Blink rN+
                  | Will+}
  9821 | Lair:2   | Reached XP level 12. HP: 106/106 MP: 11/11
  9865 | Lair:2   | Received a gift from Okawaru
 10033 | Lair:2   | Noticed a boulder beetle
 10074 | Lair:2   | Killed a boulder beetle
 10171 | Lair:2   | Reached skill level 14 in Armour
 10304 | Lair:2   | Found a hole to the Spider Nest.
 10383 | Lair:2   | Noticed Sonja
 10386 | Lair:2   | Cast into level 1 of the Abyss (Sonja)
 10521 | Abyss:1  | Noticed a tentacled starspawn
 10537 | Abyss:1  | Killed a tentacled starspawn
 10590 | Abyss:1  | Noticed an Executioner
 10594 | Abyss:1  | Noticed a revenant
 10606 | Abyss:1  | Slain by an Executioner

Illustrated notes

Levels and vault maps discovered:
D:1:      grunt_arrival_lava_bath, layout_loops_ring, serial_forest,
          infiniplex_forest_straight_3, infiniplex_forest_diagonal,
          infiniplex_forest_lined_2, infiniplex_forest_lined_room_2,
          infiniplex_forest_corner_1, infiniplex_forest_clump_curved,
          infiniplex_forest_lined_corner, infiniplex_forest_clump_curved,
          infiniplex_forest_end_1, basic_ecumenical_altar, serial_shops,
          shop_statue, hangedman_decor_opposing, minmay_gold_behind_fungi,
          minmay_tetromino_o4
D:2:      layout_basic
D:3:      layout_rooms, serial_aquarium, aquarium_bridge_square
          [aquarium_subvault_bridge, aquarium_subvault_bridge,
          aquarium_subvault_wall, aquarium_subvault_bridge],
          aquarium_bridge_square [aquarium_subvault_wall,
          aquarium_subvault_window, aquarium_subvault_bridge,
          aquarium_subvault_window], aquarium_window_1, aquarium_window_2,
          aquarium_window_fake, aquarium_window_3, aquarium_view_2c,
          aquarium_view_2a, aquarium_balcony_5b, uniq_robin, uniq_grinder
D:4:      layout_basic, general_overflow_altar, nicolae_overflow_squiral,
          serial_shops, kennysheep_little_box, uniq_natasha
D:5:      layout_loops_ring, mainiacjoe_overflow_six_doors_small,
          minmay_temple_entry_nine_rooms, minmay_lizard_king
D:6:      layout_basic, mainiacjoe_overflow_alcove_4, amcnicky_mini_pool_small,
          grunt_decor_resistance
D:7:      cheibrodos_fertilizer, layout_basic, chei_slow_surprise,
          kennysheep_mini, minmay_a_box_with_orc_wizards_in_it
D:8:      layout_rooms, fedhas_altar_decomposition, fiery_altar_vehumet,
          due_lair_maze_entry_diamond, uniq_harold, uniq_maurice, uniq_maggie,
          uniq_grum
D:9:      layout_irregular_city, serial_bayou, serial_bayou_pond_b,
          serial_bayou_pond_c, serial_bayou_shore_b, serial_bayou_crossing
D:10:     layout_grid_maze, cheibrodos_ashenzari_chains, orc_0_dummy,
          nicolae_shop_fire_sale [nicolae_sub_dead_trees]
Lair:1:   layout_long_grid, serial_bayou_shore_a
Lair:2:   layout_cave_pods, palyth_hydra_swamp_entry, spider_nest_entry_webs,
          beast_lair_carwin_11, uniq_sonja
Abyss:1:  base:
D:2

Skill      XL: |  1  2  3  4  5  6  7  8  9 10 11 12 |
---------------+-------------------------------------+-----
Fighting       | 4 5 6 8 9 10 | 10.7
Armour         | 4 5 6 7 8 9 10 13 14 | 14.2
Long Blades    | 3 4 5 |  5.4
Dodging        | 1 2 3 4 5 |  5.3
Shields        | 4 5 6 7 8 |  8.2
Polearms       | 2 4 6 9 12 13 | 13.6
Stealth        | 1 |  1.5
Invocations    | |  0.8

Action                   |  1- 3 |  4- 6 |  7- 9 | 10-12 || total
-------------------------+-------+-------+-------+-------++-------
Melee: Long sword        |    95 |    61 |       |       ||   156
       Headbutt          |    11 |     9 |    23 |   114 ||   157
       Spear             |       |    51 |   232 |   504 ||   787
Invok: Heroism           |       |       |     2 |     3 ||     5
Evoke: Wand              |       |       |       |     2 ||     2
  Use: Scroll            |     1 |     2 |       |     6 ||     9
       Potion            |     1 |     2 |       |     6 ||     9
Armor: Scale mail        |    54 |     6 |       |       ||    60
       Chain mail        |       |    62 |   112 |   185 ||   359
Dodge: Dodged            |    57 |    46 |   103 |   143 ||   349
       Repelled          |       |       |     2 |     3 ||     5
Block: Buckler           |    27 |    21 |    61 |   100 ||   209
